PL
RICHARDSON CITY THUNDERCATS @ ATLANTA SMOKE
07/27/2027
 
TOP OF THE 1ST
Richardson City Thundercats batting - Pitching for Atlanta Smoke : RHP Fraser Cuevas
Pitching: RHP Fraser Cuevas
Batting: RHB Juan Cabrera 0-0: SINGLE (Groundball, 6MD)
Batting: LHB Eduardo Álvarez 0-0: Swinging Strike
0-1: Ball
1-1: Ball
2-1: Fly out, F6 (Line Drive, 6M)
Batting: LHB Fernando Ramírez 0-0: Ball
1-0: Called Strike
1-1: Ball
2-1: Fly out, F7 (Flyball, 7)
Batting: RHB Javier Rivera 0-0: Called Strike
0-1: Ball
1-1: Foul Ball, location: 2F
1-2: Strikes out swinging
Top of the 1st over - 0 run(s), 1 hit(s), 0 error(s), 1 left on base; Richardson City 0 - Atlanta 0
BOTTOM OF THE 1ST
Atlanta Smoke batting - Pitching for Richardson City Thundercats : RHP Josef van der Poel
Pitching: RHP Josef van der Poel
Batting: RHB Bartolo Morales 0-0: Ball
1-0: Foul Ball, location: 2F
1-1: Ball
2-1: Ball
3-1: Called Strike
3-2: Foul Ball, location: 2F
3-2: Ground out 5-3 (Groundball, 56)
Batting: LHB Albert Morán 0-0: Called Strike
0-1: Ground out U3 (Groundball, 34)
Batting: RHB Gabriel Maldonado 0-0: Ball
1-0: Swinging Strike
1-1: SINGLE (Flyball, 4MD)
Batting: RHB Layton Templeman 0-0: Ball
1-0: Called Strike
1-1: DOUBLE (Line Drive, 7LS)
Gabriel Maldonado to third
Runner from 3rd tries for Home, SAFE, no throw
Batting: LHB Bernardo Elías 0-0: Swinging Strike
0-1: SINGLE (Line Drive, 6D)
Layton Templeman to third
Runner from 3rd tries for Home, SAFE, no throw
Batting: RHB Travis Newsome 0-0: Fly out, F9 (Line Drive, 9D)
Bottom of the 1st over - 2 run(s), 3 hit(s), 0 error(s), 1 left on base; Richardson City 0 - Atlanta 2
TOP OF THE 2ND
Richardson City Thundercats batting - Pitching for Atlanta Smoke : RHP Fraser Cuevas
Batting: LHB Carroll Martin 0-0: Called Strike
0-1: Ball
1-1: Ball
2-1: Ball
3-1: Foul Ball, location: 2F
3-2: Base on Balls
Batting: RHB Tomás Martínez 0-0: Ball
Carroll Martin is caught stealing 2nd base
1-0: Ball
2-0: Ball
3-0: Base on Balls
Batting: RHB Chriss Mann 0-0: Ball
1-0: Swinging Strike
1-1: Ball
2-1: Ball
3-1: Foul Ball, location: 2F
3-2: Base on Balls
Tomás Martínez to second
Batting: LHB Ramón García 0-0: Ball
1-0: Ball
2-0: Fly out, F9 (Flyball, 9)
Batting: RHB Bruce Ingilby 0-0: SINGLE (Groundball, 4MD)
Tomás Martínez to third
Chriss Mann to second
Runner from 3rd tries for Home, SAFE, no throw
Batting: RHB Juan Cabrera 0-0: Ball
1-0: Ball
2-0: Called Strike
2-1: SINGLE (Groundball, 56) (infield hit)
Chriss Mann to third
Bruce Ingilby to second
Batting: LHB Eduardo Álvarez 0-0: Called Strike
0-1: Swinging Strike
0-2: Ball
1-2: Foul Ball, location: 2F
1-2: Ball
2-2: Ground out U3 (Groundball, 34)
Top of the 2nd over - 1 run(s), 2 hit(s), 0 error(s), 3 left on base; Richardson City 1 - Atlanta 2
BOTTOM OF THE 2ND
Atlanta Smoke batting - Pitching for Richardson City Thundercats : RHP Josef van der Poel
Batting: RHB Clarence Fox 0-0: Swinging Strike
0-1: Ball
1-1: Ground out 5-3 (Groundball, 56S)
Batting: LHB Willis Baker 0-0: Ball
1-0: Called Strike
1-1: Ball
2-1: Ball
3-1: Called Strike
3-2: Ground out 4-3 (Groundball, 4)
Batting: RHB Alfredo Méndez 0-0: Ball
1-0: Foul Ball, location: 2F
1-1: Called Strike
1-2: Ball
2-2: Ground out 4-3 (Groundball, 4)
Bottom of the 2nd over - 0 run(s), 0 hit(s), 0 error(s), 0 left on base; Richardson City 1 - Atlanta 2
TOP OF THE 3RD
Richardson City Thundercats batting - Pitching for Atlanta Smoke : RHP Fraser Cuevas
Batting: LHB Fernando Ramírez 0-0: Called Strike
0-1: Ball
1-1: Ground out U3 (Groundball, 34)
Batting: RHB Javier Rivera 0-0: Ground out 6-3 (Groundball, 56)
Batting: LHB Carroll Martin 0-0: Foul Ball, location: 2F
0-1: Reached on error, E4 (Groundball, 4)
Batting: RHB Tomás Martínez 0-0: Ball
1-0: Called Strike
1-1: Swinging Strike
1-2: Strikes out swinging
Top of the 3rd over - 0 run(s), 0 hit(s), 1 error(s), 1 left on base; Richardson City 1 - Atlanta 2
BOTTOM OF THE 3RD
Atlanta Smoke batting - Pitching for Richardson City Thundercats : RHP Josef van der Poel
Batting: RHB Bartolo Morales 0-0: Ball
1-0: Fly out, F8 (Line Drive, 8LD)
Batting: LHB Albert Morán 0-0: Ball
1-0: Ball
2-0: Called Strike
2-1: Fly out, F7 (Flyball, 78S)
Batting: RHB Gabriel Maldonado 0-0: Called Strike
0-1: Ball
1-1: Ball
2-1: Ball
3-1: Foul Ball, location: 2F
3-2: Ground out 5-3 (Groundball, 56)
Bottom of the 3rd over - 0 run(s), 0 hit(s), 0 error(s), 0 left on base; Richardson City 1 - Atlanta 2
TOP OF THE 4TH
Richardson City Thundercats batting - Pitching for Atlanta Smoke : RHP Fraser Cuevas
Batting: RHB Chriss Mann 0-0: Ground out 6-3 (Groundball, 6)
Batting: LHB Ramón García 0-0: Swinging Strike
0-1: Called Strike
0-2: Ball
1-2: Ball
2-2: SOLO HOME RUN (Flyball, 9D), Distance : 400 ft
Batting: RHB Bruce Ingilby 0-0: Ball
1-0: Swinging Strike
1-1: Called Strike
1-2: Foul Ball, location: 2F
1-2: Ball
2-2: Ball
3-2: DOUBLE (Line Drive, 7D)
Batting: RHB Juan Cabrera 0-0: Called Strike
0-1: Swinging Strike
0-2: Ball
1-2: Strikes out swinging
Batting: LHB Eduardo Álvarez 0-0: Ball
1-0: Fly out, F8 (Flyball, 78S)
Top of the 4th over - 1 run(s), 2 hit(s), 0 error(s), 1 left on base; Richardson City 2 - Atlanta 2
BOTTOM OF THE 4TH
Atlanta Smoke batting - Pitching for Richardson City Thundercats : RHP Josef van der Poel
Batting: RHB Layton Templeman 0-0: Ball
1-0: Ball
2-0: Reached via error on a dropped throw, E3
Batting: LHB Bernardo Elías 0-0: Ball
1-0: Swinging Strike
1-1: Foul Ball, location: 2F
1-2: Strikes out swinging
Batting: RHB Travis Newsome 0-0: Foul Ball, location: 2F
0-1: Ball
1-1: Ball
2-1: SINGLE (Groundball, 56D)
Layton Templeman to second
Batting: RHB Clarence Fox 0-0: Ball
1-0: Foul Ball, location: 2F
1-1: Swinging Strike
1-2: Strikes out swinging
Batting: LHB Willis Baker 0-0: Foul Ball, location: 2F
0-1: Foul Ball, location: 2F
0-2: Foul Ball, location: 2F
0-2: Foul Ball, location: 2F
0-2: Strikes out swinging
Bottom of the 4th over - 0 run(s), 1 hit(s), 1 error(s), 2 left on base; Richardson City 2 - Atlanta 2
TOP OF THE 5TH
Richardson City Thundercats batting - Pitching for Atlanta Smoke : RHP Fraser Cuevas
Batting: LHB Fernando Ramírez 0-0: Called Strike
0-1: SINGLE (Groundball, 34D)
Batting: RHB Javier Rivera 0-0: Called Strike
0-1: Ball
1-1: Grounds into double play, 6-4-3 (Groundball, 6)
Batting: LHB Carroll Martin 0-0: Called Strike
0-1: Swinging Strike
0-2: Strikes out looking
Top of the 5th over - 0 run(s), 1 hit(s), 0 error(s), 0 left on base; Richardson City 2 - Atlanta 2
BOTTOM OF THE 5TH
Atlanta Smoke batting - Pitching for Richardson City Thundercats : RHP Josef van der Poel
Batting: RHB Alfredo Méndez 0-0: Called Strike
0-1: Foul Ball, location: 2F
0-2: SINGLE (Groundball, 56D)
Batting: RHB Bartolo Morales 0-0: Ball
Alfredo Méndez steals 2nd base
1-0: Foul Ball, location: 2F
1-1: Swinging Strike
1-2: SINGLE (Groundball, 6MD)
Alfredo Méndez to third
Batting: LHB Albert Morán 0-0: Called Strike
Bartolo Morales steals 2nd base
0-1: SINGLE (Line Drive, 9LS)
Alfredo Méndez scores
Bartolo Morales to third
Runner from 3rd tries for Home, SAFE, no throw
Pitching: LHP Armando Gonzáles
Batting: RHB Gabriel Maldonado 0-0: Called Strike
0-1: Ball
1-1: Ball
2-1: Ground out 5-3 (Groundball, 56S)
Albert Morán to second
Batting: RHB Layton Templeman 0-0: Called Strike
0-1: Ground out 1-3 (Groundball, 13S)
Albert Morán to third
Batting: LHB Bernardo Elías 0-0: Called Strike
0-1: Foul Ball, location: 2F
0-2: Ball
1-2: Ground out 4-3 (Groundball, 4)
Bottom of the 5th over - 2 run(s), 3 hit(s), 0 error(s), 1 left on base; Richardson City 2 - Atlanta 4
TOP OF THE 6TH
Richardson City Thundercats batting - Pitching for Atlanta Smoke : RHP Fraser Cuevas
Batting: RHB Tomás Martínez 0-0: Ball
1-0: Fly out, F7 (Flyball, 78M)
Batting: RHB Chriss Mann 0-0: Ground out 6-3 (Groundball, 6)
Batting: LHB Ramón García 0-0: Ball
1-0: Foul Ball, location: 2F
1-1: Ball
2-1: Ball
3-1: Base on Balls
Batting: RHB Bruce Ingilby 0-0: Called Strike
Ramón García is caught stealing 2nd base
Top of the 6th over - 0 run(s), 0 hit(s), 0 error(s), 0 left on base; Richardson City 2 - Atlanta 4
BOTTOM OF THE 6TH
Atlanta Smoke batting - Pitching for Richardson City Thundercats : LHP Armando Gonzáles
Batting: RHB Travis Newsome 0-0: Called Strike
0-1: Ball
1-1: Foul Ball, location: 2F
1-2: Ball
2-2: Strikes out swinging
Batting: RHB Clarence Fox 0-0: SOLO HOME RUN (Flyball, 78XD), Distance : 434 ft
Batting: LHB Willis Baker 0-0: Ball
1-0: Foul Ball, location: 2F
1-1: Foul Ball, location: 2F
1-2: Ball
2-2: Foul Ball, location: 2F
2-2: SINGLE (Groundball, 56D)
Batting: RHB Alfredo Méndez 0-0: Called Strike
0-1: Called Strike
0-2: Strikes out swinging
Batting: RHB Bartolo Morales 0-0: Called Strike
0-1: SINGLE (Line Drive, 34D)
Willis Baker to second
Runner from 2nd tries for 3rd, SAFE, throw made to third
Batting: LHB Albert Morán 0-0: Fly out, F7 (Flyball, 7S)
Bottom of the 6th over - 1 run(s), 3 hit(s), 0 error(s), 2 left on base; Richardson City 2 - Atlanta 5
TOP OF THE 7TH
Richardson City Thundercats batting - Pitching for Atlanta Smoke : RHP Fraser Cuevas
Batting: RHB Bruce Ingilby 0-0: Ball
1-0: Called Strike
1-1: Foul Ball, location: 2F
1-2: Ball
2-2: Foul Ball, location: 2F
2-2: Ball
3-2: Strikes out swinging
Batting: RHB Juan Cabrera 0-0: Ball
1-0: Foul Ball, location: 2F
1-1: Swinging Strike
1-2: Foul Ball, location: 2F
1-2: Ball
2-2: Ball
3-2: Ground out 4-3 (Groundball, 4D)
Batting: LHB Eduardo Álvarez 0-0: Ball
1-0: Called Strike
1-1: Ball
2-1: DOUBLE (Line Drive, 89D)
Pitching: LHP Rio Bavin
Batting: LHB Fernando Ramírez 0-0: Swinging Strike
0-1: Ball
1-1: Foul Ball, location: 2F
1-2: Strikes out swinging
Top of the 7th over - 0 run(s), 1 hit(s), 0 error(s), 1 left on base; Richardson City 2 - Atlanta 5
BOTTOM OF THE 7TH
Atlanta Smoke batting - Pitching for Richardson City Thundercats : LHP Armando Gonzáles
Batting: RHB Gabriel Maldonado 0-0: Called Strike
0-1: Ball
1-1: Fly out, F7 (Line Drive, 78S)
Batting: RHB Layton Templeman 0-0: Ball
1-0: Ball
2-0: Ball
3-0: Called Strike
3-1: Ground out 6-3 (Groundball, 6)
Batting: LHB Bernardo Elías 0-0: Called Strike
0-1: Ground out 6-3 (Groundball, 6)
Bottom of the 7th over - 0 run(s), 0 hit(s), 0 error(s), 0 left on base; Richardson City 2 - Atlanta 5
TOP OF THE 8TH
Richardson City Thundercats batting - Pitching for Atlanta Smoke : LHP Rio Bavin
Batting: RHB Javier Rivera 0-0: Swinging Strike
0-1: Called Strike
0-2: Ball
1-2: Strikes out swinging
Pitching: RHP Iván García
Batting: LHB Carroll Martin 0-0: Ball
1-0: Ball
2-0: Swinging Strike
2-1: Called Strike
2-2: Strikes out looking
Batting: RHB Tomás Martínez 0-0: Fly out, F4 (Popup, 4S)
Top of the 8th over - 0 run(s), 0 hit(s), 0 error(s), 0 left on base; Richardson City 2 - Atlanta 5
BOTTOM OF THE 8TH
Atlanta Smoke batting - Pitching for Richardson City Thundercats : LHP Armando Gonzáles
Batting: RHB Travis Newsome 0-0: Foul Ball, location: 2F
0-1: Ball
1-1: Foul Ball, location: 2F
1-2: Ball
2-2: Ball
3-2: Strikes out swinging
Batting: RHB Clarence Fox 0-0: Called Strike
0-1: Swinging Strike
0-2: Ball
1-2: Fly out, F4 (Line Drive, 4MD)
Batting: LHB Willis Baker 0-0: Foul Ball, location: 2F
0-1: Ball
1-1: Ball
2-1: Swinging Strike
2-2: Ball
3-2: Strikes out swinging
Bottom of the 8th over - 0 run(s), 0 hit(s), 0 error(s), 0 left on base; Richardson City 2 - Atlanta 5
TOP OF THE 9TH
Richardson City Thundercats batting - Pitching for Atlanta Smoke : RHP Iván García
Batting: RHB Chriss Mann 0-0: Ball
1-0: Called Strike
1-1: Ball
2-1: SINGLE (Groundball, 56D)
Batting: LHB Ramón García 0-0: Foul Ball, location: 2F
0-1: Ball
1-1: Ball
2-1: Foul Ball, location: 2F
2-2: Strikes out swinging
Batting: RHB Bruce Ingilby 0-0: Swinging Strike
0-1: Ball
1-1: Swinging Strike
1-2: Strikes out swinging
Batting: RHB Juan Cabrera 0-0: Swinging Strike
0-1: Ball
1-1: Swinging Strike
1-2: Strikes out swinging
Top of the 9th over - 0 run(s), 1 hit(s), 0 error(s), 1 left on base; Richardson City 2 - Atlanta 5
Saturday, May 26th, 2018 - OOTP Baseball 17.12 Build 75